 Dungeon Sprint DCSS version 0.20-a0-833-gc632bec (webtiles) character file.

8400000 esc the Formicid Barricade (level 27, -19/249 HPs)
             Began as a Formicid Fighter on Mar 7, 2017.
             Was the Champion of Makhleb.
             Demolished by a meat berserker
             ... wielding a +9 battleaxe
              (63 damage)
             ... in the Dungeon (Sprint VIII: "Arena of Blood").
             The game lasted 00:03:07 (84 turns).

esc the Formicid Barricade (Formicid Fighter)         Turns: 84, Time: 00:03:08

Health: -19/249    AC: 13    Str: 32    XL:     27
Magic:  36/54      EV: 26    Int:  8    God:    Makhleb [******]
Gold:   0          SH: 20    Dex: 12    Spells: 80/80 levels left

rFire    + . .     SeeInvis +   l - +∞ Axe of Woe
rCold    . . .     Gourm    .   b - +0 scale mail
rNeg     . . .     Faith    .   c - +0 shield
rPois    .         Spirit   .   (helmet unavailable)
rElec    .         Reflect  .   (no cloak)
rCorr    .         Harm     .   (no gloves)
MR       ++...                  (no boots)
Stlth    ++++++++..             (no amulet)
Regen    0.6/turn               (no ring)
MPRegen  0.4/turn               m - ring of protection from fire {rF+, !d}

@: no status effects
A: permanent stasis, dig shafts and tunnels, four strong arms, antennae 3
a: Dig, Minor Destruction, Lesser Servant of Makhleb, Major Destruction, Greater
Servant of Makhleb, Renounce Religion


You were in the Dungeon.
You worshipped Makhleb.
Makhleb was exalted by your worship.
You were not hungry.

You visited 1 branch

Inventory:

Hand Weapons
 a - a +0 war axe
 l - the +∞ Axe of Woe (weapon)
   (You found it in the Dungeon)
Armour
 b - a +0 scale mail (worn)
 c - a +0 shield (worn)
Jewellery
 m - a ring of protection from fire (left hand) {rF+, !d}
   (You found it in the Dungeon)
Scrolls
 k - a scroll of blinking {!r}
Potions
 d - a potion of might
 e - a potion of curing
 g - a potion of heal wounds
 h - a potion of haste
 i - 2 potions of magic
 j - a potion of berserk rage {!q}
Comestibles
 f - a bread ration {@e1}


   Skills:
 O Level 27 Fighting
 O Level 27 Axes
 O Level 27 Throwing
 O Level 27 Armour
 O Level 27 Dodging
 O Level 27 Stealth
 O Level 27 Shields
 O Level 27 Unarmed Combat
 O Level 27 Spellcasting
 O Level 27 Invocations


You had 80 spell levels left.
You didn't know any spells.

Dungeon Overview and Level Annotations

Branches:
Dungeon (1/1)

Altars:
Makhleb

Annotations:
D The Captor


Innate Abilities, Weirdness & Mutations

You cannot be hasted, slowed, berserked, paralysed or teleported.
You can dig through walls and to a lower floor.
Your four strong arms can wield two-handed weapons with a shield.
You have a pair of large antennae on your head. (SInv)


Message History

The meat berserker rages.
You hear a shout! x2
The meat berserker rages.
You hear a shout! x2
The eight-headed meat hydra calls on the powers of darkness!
The eight-headed meat hydra convulses!
The bag of meat convulses! x3
The meat berserker convulses!
The bag of meat convulses!
The meat berserker convulses!
Your body is wracked with pain!
The bag of meat convulses! x2; The meat berserker convulses!
You hear a shout!
The dread hits you but does no damage.
You hear a shout!
The destroyer blinks!
The meat berserker hits you with a +9 battleaxe!!!
You hear a shout!
An eight-headed meat hydra comes into view.
Things that are here:
a +9 battleaxe; a +30 ring of slaying You take 172 damage, and have 77/249 hp.
MASSIVE DAMAGE!!
Unknown command.
Unknown command.
The eight-headed meat hydra roars!
You slash the dread!
You slaughter the dread joyfully.
You destroy the dread!
Makhleb accepts your kill.
You feel better.
You hit the meat berserker.
You fatally mangle the meat berserker.
You kill the meat berserker!
Makhleb accepts your kill.
You feel better.
You slice the tyrant!!
You pulverise the tyrant into a thin bloody mist.
You destroy the tyrant!
Makhleb accepts your kill.
You feel better.
The large abomination disappears in a puff of smoke!
The tentacled monstrosity disappears in a puff of smoke!
The large abomination disappears in a puff of smoke! x2
You slice the crawling corpse!!
You hew the crawling corpse savagely.
You destroy the crawling corpse!
You slice the bag of meat!!
You dissect the bag of meat like a pig carcass.
You kill the bag of meat!
Makhleb accepts your kill.
You hear a shout! x3
The dread calls on the powers of darkness!
Your body is wracked with pain!
The meat berserker convulses! x2; The bag of meat convulses! x5
You hear a shout! x3
The eight-headed meat hydra calls on the powers of darkness!
The eight-headed meat hydra convulses!
The meat berserker convulses!
Your body is wracked with pain!
* * * LOW HITPOINT WARNING * * *
The bag of meat convulses! x2 3 crawling corpses come into view.
You take 13 damage, and have 64/249 hp.
Unknown command.
Unknown command.
Unknown command.
The bag of meat shouts!
You hit the bag of meat.
You cleave the bag of meat in twain.
You kill the bag of meat!
Makhleb accepts your kill.
You feel better.
You hear a shout!
The destroyer blinks!
You hear a shout! x2
The wretched soul appears out of thin air!
A wretched soul comes into view.
You hear a shout! x3
An orc and a vampire knight come into view.
The destroyer is wielding a +9 great sword of slicing.
You regained 51 hp, and now have 115/249 hp.
Unknown command.
Unknown command.
Unknown command.
Unknown command.
A crawling corpse and Sigmund come into view.
The Captor is wielding a +9 triple sword of slicing.
You hear a shout! x2
The dread completely misses you.
You hear a shout!
The destroyer blinks!
A crawling corpse merges with a small abomination to form a large abomination.
You hear a shout!
A crawling corpse suddenly disappears!
The meat berserker hits you with a +9 battleaxe!!
You hear a shout! x2
The eight-headed meat hydra calls on the powers of darkness!
The eight-headed meat hydra convulses!
The bag of meat convulses! x9
The meat berserker convulses!
Your body is wracked with pain!
* * * LOW HITPOINT WARNING * * *
The meat berserker convulses! x3; The bag of meat convulses!
The bag of meat shouts!
You block the meat berserker's attack.
You hear a shout!
The meat berserker hits you with a +9 battleaxe!!!
You die...

#...xo....#....§...#.......#
#...o.......V#.....#.......#
#..2xooo..#)))...###.......##
#.).)#o)z))§))).))%)..###....
#..))##oo)%o)D#.))%...._.....
#))§§§#)oxoo#V.)....#.....#..
#))§§§)###oX§.))....#_.<._#
#)%§x§##..)O#x%.....#.....#
#....#....)O@W#........_.....
#....#...Vx.)O....O2..###....
#...%D...§.......###... ..##
#....x.%%........o.#... ..#{
#.................@#.. ..#
#....%....#.......... ..
...W.#.#.#...... .....
#.#......D


You could see a meat beast (wandering), 3 eight-headed meat hydras, 2
destroyers, a sculptor of flesh, a large abomination, a wretched soul
(wandering), a dread, The Captor (wandering), 4 meat berserkers, 12 bags of meat
and 4 crawling corpses.

Vanquished Creatures
  2 hell beasts (D)
  2 greater mummies (D)
  2 wraiths (D)
  Harold (D)
  12 vampire knights (D)
  31 ogres (D)
  5 two-headed ogres (D)
  A lich (D)
  67 orcs (D)
  4 skeletal warriors (D)
  4 large abominations (D)
  2 small abominations (D)
  7 crawling corpses (D)
140 creatures vanquished.

Vanquished Creatures (others)
  A small abomination (D)
  7 crawling corpses (D)
8 creatures vanquished.

Grand Total: 148 creatures vanquished

Notes
Turn   | Place    | Note
-------+----------+-------------------------------------------
     0 | D        | esc the Formicid Fighter began the quest for the Orb.
     0 | D        | Reached XP level 1. HP: 18/18 MP: 1/1
     4 | D        | Became a worshipper of Makhleb the Destroyer
     6 | D        | Noticed a bag of meat
     7 | D        | Noticed a meat berserker
     7 | D        | Noticed a bag of meat
     8 | D        | Noticed a bag of meat
     9 | D        | Noticed a meat berserker
    10 | D        | Killed a bag of meat
    10 | D        | Reached skill level 14 in Fighting
    10 | D        | Reached skill level 13 in Axes
    10 | D        | Reached skill level 14 in Armour
    10 | D        | Reached skill level 12 in Dodging
    10 | D        | Reached skill level 15 in Shields
    10 | D        | Reached XP level 2. HP: 43/43 MP: 2/2
    10 | D        | Reached XP level 3. HP: 49/49 MP: 3/3
    10 | D        | Reached XP level 4. HP: 56/56 MP: 4/4
    10 | D        | Reached XP level 5. HP: 62/62 MP: 5/5
    10 | D        | Reached XP level 6. HP: 69/69 MP: 6/6
    10 | D        | Reached XP level 7. HP: 75/75 MP: 7/7
    10 | D        | Reached XP level 8. HP: 82/82 MP: 8/8
    10 | D        | Reached XP level 9. HP: 88/88 MP: 9/9
    10 | D        | Reached XP level 10. HP: 95/95 MP: 10/10
    10 | D        | Reached XP level 11. HP: 101/101 MP: 11/11
    10 | D        | Reached XP level 12. HP: 108/108 MP: 12/12
    10 | D        | Killed a meat berserker
    10 | D        | Reached * piety under Makhleb
    10 | D        | Reached skill level 18 in Fighting
    10 | D        | Reached skill level 16 in Axes
    10 | D        | Reached skill level 18 in Armour
    10 | D        | Reached skill level 15 in Dodging
    10 | D        | Reached skill level 19 in Shields
    10 | D        | Reached XP level 13. HP: 122/122 MP: 13/13
    10 | D        | Reached XP level 14. HP: 130/130 MP: 14/14
    10 | D        | Noticed a bag of meat
    12 | D        | Noticed a meat berserker
    12 | D        | Noticed a meat berserker
    12 | D        | Killed a meat berserker
    12 | D        | Reached skill level 20 in Fighting
    12 | D        | Reached skill level 18 in Axes
    12 | D        | Reached skill level 20 in Armour
    12 | D        | Reached skill level 17 in Dodging
    12 | D        | Reached skill level 21 in Shields
    12 | D        | Reached XP level 15. HP: 130/141 MP: 15/15
    13 | D        | Noticed a meat berserker
    13 | D        | Noticed a meat berserker
    13 | D        | Reached skill level 19 in Axes
    13 | D        | Reached skill level 18 in Dodging
    13 | D        | Reached skill level 22 in Shields
    13 | D        | Reached XP level 16. HP: 138/150 MP: 16/16
    13 | D        | Reached ** piety under Makhleb
    13 | D        | Reached skill level 21 in Fighting
    13 | D        | Reached skill level 20 in Axes
    13 | D        | Reached skill level 21 in Armour
    13 | D        | Reached skill level 23 in Shields
    14 | D        | Killed a meat berserker
    14 | D        | Reached skill level 23 in Fighting
    14 | D        | Reached skill level 21 in Axes
    14 | D        | Reached skill level 23 in Armour
    14 | D        | Reached skill level 20 in Dodging
    14 | D        | Reached skill level 24 in Shields
    14 | D        | Reached XP level 17. HP: 164/164 MP: 17/17
    14 | D        | Reached skill level 22 in Axes
    14 | D        | Reached skill level 25 in Shields
    15 | D        | Killed a meat berserker
    15 | D        | Reached *** piety under Makhleb
    15 | D        | Reached skill level 25 in Fighting
    15 | D        | Reached skill level 23 in Axes
    15 | D        | Reached skill level 25 in Armour
    15 | D        | Reached skill level 21 in Dodging
    15 | D        | Reached skill level 26 in Shields
    15 | D        | Reached XP level 18. HP: 177/177 MP: 18/18
    16 | D        | Noticed a meat berserker
    16 | D        | Killed a meat berserker
    16 | D        | Reached skill level 26 in Fighting
    16 | D        | Reached skill level 24 in Axes
    16 | D        | Reached skill level 26 in Armour
    16 | D        | Reached skill level 23 in Dodging
    16 | D        | Reached skill level 27 in Shields
    16 | D        | Reached XP level 19. HP: 187/187 MP: 19/19
    17 | D        | Noticed a meat berserker
    18 | D        | Killed a meat berserker
    18 | D        | Reached skill level 27 in Fighting
    18 | D        | Reached skill level 26 in Axes
    18 | D        | Reached skill level 27 in Armour
    18 | D        | Reached skill level 25 in Dodging
    19 | D        | Noticed a large bag of meat
    19 | D        | Noticed a meat berserker
    19 | D        | Noticed a meat berserker
    20 | D        | Noticed a meat berserker
    21 | D        | Noticed a destroyer
    21 | D        | Noticed a large bag of meat
    21 | D        | Killed a meat berserker
    21 | D        | Reached **** piety under Makhleb
    21 | D        | Reached skill level 27 in Axes
    21 | D        | Reached skill level 27 in Dodging
    21 | D        | Reached skill level 6 in Throwing
    21 | D        | Reached skill level 9 in Stealth
    21 | D        | Reached skill level 6 in Unarmed Combat
    21 | D        | Reached skill level 6 in Spellcasting
    21 | D        | Reached skill level 8 in Invocations
    21 | D        | Reached XP level 20. HP: 197/197 MP: 19/30
    21 | D        | Reached skill level 9 in Throwing
    21 | D        | Reached skill level 12 in Stealth
    21 | D        | Reached skill level 9 in Unarmed Combat
    21 | D        | Reached skill level 9 in Spellcasting
    21 | D        | Reached skill level 11 in Invocations
    21 | D        | Reached skill level 11 in Throwing
    21 | D        | Reached skill level 14 in Stealth
    21 | D        | Reached skill level 11 in Unarmed Combat
    21 | D        | Reached skill level 11 in Spellcasting
    21 | D        | Reached skill level 13 in Invocations
    22 | D        | Killed a meat berserker
    22 | D        | Reached skill level 14 in Throwing
    22 | D        | Reached skill level 18 in Stealth
    22 | D        | Reached skill level 14 in Unarmed Combat
    22 | D        | Reached skill level 14 in Spellcasting
    22 | D        | Reached skill level 16 in Invocations
    22 | D        | Reached XP level 21. HP: 204/204 MP: 19/39
    22 | D        | Reached ***** piety under Makhleb
    22 | D        | Reached skill level 15 in Throwing
    22 | D        | Reached skill level 19 in Stealth
    22 | D        | Reached skill level 15 in Unarmed Combat
    22 | D        | Reached skill level 15 in Spellcasting
    22 | D        | Reached skill level 18 in Invocations
    22 | D        | Reached skill level 16 in Throwing
    22 | D        | Reached skill level 20 in Stealth
    22 | D        | Reached skill level 16 in Unarmed Combat
    22 | D        | Reached skill level 16 in Spellcasting
    22 | D        | Reached skill level 19 in Invocations
    23 | D        | Noticed a destroyer
    23 | D        | Noticed a destroyer
    24 | D        | Reached skill level 17 in Throwing
    24 | D        | Reached skill level 21 in Stealth
    24 | D        | Reached skill level 17 in Unarmed Combat
    24 | D        | Reached skill level 17 in Spellcasting
    24 | D        | Reached skill level 20 in Invocations
    24 | D        | Killed a meat berserker
    24 | D        | Reached skill level 19 in Throwing
    24 | D        | Reached skill level 23 in Stealth
    24 | D        | Reached skill level 19 in Unarmed Combat
    24 | D        | Reached skill level 19 in Spellcasting
    24 | D        | Reached skill level 22 in Invocations
    24 | D        | Reached XP level 22. HP: 212/212 MP: 19/45
    24 | D        | Killed a large bag of meat
    24 | D        | Reached skill level 20 in Throwing
    24 | D        | Reached skill level 25 in Stealth
    24 | D        | Reached skill level 20 in Unarmed Combat
    24 | D        | Reached skill level 20 in Spellcasting
    24 | D        | Reached skill level 23 in Invocations
    25 | D        | Noticed a destroyer
    26 | D        | Noticed a meat berserker
    26 | D        | Reached skill level 21 in Throwing
    26 | D        | Reached skill level 26 in Stealth
    26 | D        | Reached skill level 21 in Unarmed Combat
    26 | D        | Reached skill level 21 in Spellcasting
    26 | D        | Reached skill level 24 in Invocations
    26 | D        | Killed a meat berserker
    26 | D        | Reached skill level 22 in Throwing
    26 | D        | Reached skill level 27 in Stealth
    26 | D        | Reached skill level 22 in Unarmed Combat
    26 | D        | Reached skill level 22 in Spellcasting
    26 | D        | Reached skill level 26 in Invocations
    26 | D        | Reached XP level 23. HP: 219/219 MP: 20/49
    26 | D        | Reached skill level 23 in Throwing
    26 | D        | Reached skill level 23 in Unarmed Combat
    26 | D        | Reached skill level 23 in Spellcasting
    26 | D        | Reached skill level 27 in Invocations
    26 | D        | Reached skill level 24 in Throwing
    26 | D        | Reached skill level 24 in Unarmed Combat
    26 | D        | Reached skill level 24 in Spellcasting
    27 | D        | Killed a destroyer
    27 | D        | Reached ****** piety under Makhleb
    27 | D        | Reached skill level 26 in Throwing
    27 | D        | Reached skill level 26 in Unarmed Combat
    27 | D        | Reached skill level 26 in Spellcasting
    27 | D        | Reached skill level 27 in Throwing
    27 | D        | Reached skill level 27 in Unarmed Combat
    27 | D        | Reached skill level 27 in Spellcasting
    27 | D        | Reached XP level 24. HP: 227/227 MP: 20/54
    28 | D        | Noticed a large bag of meat
    29 | D        | Reached XP level 25. HP: 234/234 MP: 20/54
    31 | D        | Noticed The Servant
    31 | D        | Noticed a destroyer
    31 | D        | Reached XP level 26. HP: 242/242 MP: 21/54
    31 | D        | Killed a destroyer
    31 | D        | Killed a destroyer
    31 | D        | Reached XP level 27. HP: 249/249 MP: 21/54
    33 | D        | Killed a destroyer
    33 | D        | Killed a large bag of meat
    36 | D        | Killed a destroyer
    38 | D        | Noticed a destroyer
    38 | D        | Killed The Servant
    41 | D        | Noticed a destroyer
    44 | D        | Killed a destroyer
    46 | D        | Killed a destroyer
    51 | D        | Noticed a large bag of meat
    52 | D        | Noticed a large bag of meat
    53 | D        | Noticed a destroyer
    56 | D        | Noticed a destroyer
    60 | D        | Noticed an accursed
    61 | D        | Killed a large bag of meat
    62 | D        | Noticed a tyrant
    63 | D        | Killed a large bag of meat
    65 | D        | Killed a large bag of meat
    65 | D        | Killed a destroyer
    67 | D        | Noticed a meat beast
    68 | D        | Noticed a destroyer
    71 | D        | Noticed a dread
    71 | D        | Noticed a destroyer
    71 | D        | Noticed an accursed
    71 | D        | Noticed a destroyer
    71 | D        | Noticed an accursed
    73 | D        | HP: 46/249 [??? (44)]
    74 | D        | Noticed a dread
    74 | D        | Noticed a dread
    74 | D        | Killed an accursed
    74 | D        | Killed an accursed
    76 | D        | Killed a meat beast
    77 | D        | Noticed a destroyer
    77 | D        | Killed a destroyer
    77 | D        | Killed a destroyer
    78 | D        | Noticed a destroyer
    78 | D        | Noticed a meat beast
    79 | D        | Killed a meat beast
    79 | D        | Killed a destroyer
    80 | D        | Killed a dread
    80 | D        | Killed a destroyer
    82 | D        | Killed a dread
    82 | D        | Killed a tyrant
    84 | D        | Noticed a destroyer
    84 | D        | Noticed The Captor
    84 | D        | HP: 44/249 [??? (42)]
    84 | D        | Demolished by a meat berserker

Vault maps used:
D:        meatsprint

Skill      XL: |  1  2  3  4  5  6  7  8  9 10 11 12 13 14 15 16 17 18 19 20 21 22 23 |
---------------+----------------------------------------------------------------------+-----
Fighting       | 14 18 20 23 25 26 27 | 27.0
Axes           | 13 16 18 19 21 23 24 27 | 27.0
Armour         | 14 18 20 23 25 26 27 | 27.0
Dodging        | 12 15 17 18 20 21 23 27 | 27.0
Shields        | 15 19 21 22 24 26 27 | 27.0
Throwing       | 6 14 19 22 27 | 27.0
Stealth        | 9 18 23 27 | 27.0
Unarmed Combat | 6 14 19 22 27 | 27.0
Spellcasting   | 6 14 19 22 27 | 27.0
Invocations    | 8 16 22 26 27 | 27.0

Action                   |  1- 3 |  4- 6 |  7- 9 | 10-12 | 13-15 | 16-18 | 19-21 | 22-24 | 25-27 || total
-------------------------+-------+-------+-------+-------+-------+-------+-------+-------+-------++-------
Melee: Executioner's axe |     1 |       |       |       |     2 |     3 |     4 |     3 |    29 ||    42
Armor: Scale mail        |       |       |       |       |       |       |       |       |     2 ||     2
Dodge: Dodged            |       |       |       |       |     1 |       |     1 |       |     7 ||     9
Block: Shield            |       |       |       |       |       |     1 |     3 |       |     9 ||    13

Vault maps used:
D:        meatsprint

Table legend:
 A = Turns spent in this place as a percentage of turns spent in the entire game.
 B = Non-inter-level travel turns spent in this place as a percentage of non-inter-level travel turns spent in the entire game.
 C = Inter-level travel turns spent in this place as a percentage of turns spent in this place.
 D = Turns resting spent in this place as a percentage of non-inter-level travel turns spent in this place.
 E = Turns spent auto-exploring this place as a percentage of non-inter-level travel turns spent in this place.
 F = Non-inter-level travel turns spent in this place divided by the number of levels of this place that you've seen.
                   A       B       C       D       E      F
               +-------+-------+-------+-------+-------+----------------------
         Total | 100.0 | 100.0 |   0.0 |   0.0 |   0.0 | 194.0
       Dungeon | 100.0 | 100.0 |   0.0 |   0.0 |   0.0 | 194.0
               +-------+-------+-------+-------+-------+----------------------

Table legend:
 A = Kills in this place as a percentage of kills in entire the game.
 B = Kills by you in this place as a percentage of kills by you in the entire game.
 C = Kills by friends in this place as a percentage of kills by friends in the entire game.
 D = Other kills in this place as a percentage of other kills in the entire game.
 E = Experience gained in this place as a percentage of experience gained in the entire game.
 F = Experience gained in this place divided by the number of levels of this place that you have seen.
                   A       B       C       D       E      F
               +-------+-------+-------+-------+-------+----------------------
         Total | 100.0 | 100.0 |  -nan |  -nan | 100.0 | 3645700.0
       Dungeon | 100.0 | 100.0 |  -nan |  -nan | 100.0 | 3645700.0
               +-------+-------+-------+-------+-------+----------------------
